 Dungeon Crawl Stone Soup version 0.29.0-13-gc9e81de378 (webtiles) character file.

Game seed: 10903488609028553447

2623 capka3m the Grappler (level 9, -1/80 HPs)
             Began as a Troll Monk on Sept 9, 2022.
             Shot with a sling bullet by Joseph (16 damage)
             ... on level 7 of the Dungeon.
             The game lasted 00:08:18 (4424 turns).

capka3m the Grappler (Troll Monk)                   Turns: 4424, Time: 00:08:19

Health: -1/80      AC:  5    Str: 21    XL:     9   Next: 34%
Magic:  8/8        EV: 10    Int:  6    God:
Gold:   379        SH:  0    Dex: 16    Spells: 8/8 levels left

rFire   . . .      SeeInvis .     - Unarmed
rCold   . . .      Faith    .   (no shield)
rNeg    . . .      Spirit   .   a - +0 robe
rPois   .          Reflect  .   (helmet restricted)
rElec   .          Harm     .   s - +0 cloak
rCorr   .          Rampage  .   (gloves unavailable)
Will    .....                   (boots unavailable)
Stlth   ++........              (no amulet)
HPRegen 1.03/turn               (no ring)
MPRegen 0.11/turn               (no ring)

@: no status effects
A: large, unfitting armour, claws 3, regeneration 1, shaggy fur 1, tough skin 1
a: no special abilities


You were on level 7 of the Dungeon.
You visited 2 branches of the dungeon, and saw 8 of its levels.

You collected 379 gold pieces.

Inventory:

Missiles
 j - 2 large rocks (quivered)
Armour
 a - a +0 robe (worn)
 s - a +0 cloak (worn)
Wands
 p - a wand of light (2)
 r - a wand of flame (39)
 y - a wand of iceblast (6)
Scrolls
 c - 2 scrolls of teleportation {unknown}
 d - a scroll of fog {unknown}
 g - a scroll of amnesia {unknown}
 h - 2 scrolls of vulnerability {unknown}
 k - 2 scrolls of blinking {unknown}
 m - 6 scrolls of identify {unknown}
 n - a scroll of fear {unknown}
 o - 2 scrolls of magic mapping {unknown}
 t - a scroll of enchant armour {unknown}
 v - a scroll of summoning {unknown}
 x - a scroll of immolation {unknown}
 B - a scroll of enchant weapon {unknown}
Potions
 b - 3 potions of ambrosia
 e - 3 potions of might {unknown}
 f - 4 potions of curing {unknown}
 i - a potion of resistance {unknown}
 l - 2 potions of magic {unknown}
 q - 3 potions of cancellation {unknown}
 u - 2 potions of lignification {unknown}
 w - 2 potions of brilliance {unknown}
 z - a potion of invisibility {unknown}
 A - a potion of heal wounds {unknown}


   Skills:
 - Level 2.4 Fighting
 + Level 3.5 Throwing
 - Level 2.4 Dodging
 - Level 1.0 Stealth
 * Level 12.4 Unarmed Combat


You had 8 spell levels left.
You didn't know any spells.
Your spell library contained the following spells:

 Spells                   Type           Power      Damage    Failure   Level
 Ensorcelled Hibernation  Hex/Ice        0%         N/A       58%         2
 Passwall                 Tmut/Erth      0%         N/A       58%         2
 Swiftness                Air            0%         N/A       83%         3


Dungeon Overview and Level Annotations

Branches:
Dungeon (7/15)             Temple (1/1) D:6

Altars:
Ashenzari
Dithmenos
Fedhas
Gozag
Hepliaklqana
Kikubaaqudgha
Makhleb
Nemelex Xobeh
Okawaru
Qazlal
Ru
Sif Muna
Trog
Uskayaw
Vehumet
Wu Jian
Xom
Zin

Shops:
D:4 *   D:5 (

Annotations:
D:7 Joseph


Innate Abilities, Weirdness & Mutations

You are too large for most types of armour.
You have claws for hands.
Your natural rate of healing is unusually fast.
You are covered in fur. (AC +1)
You have tough skin. (AC +1)


Message History

The orc priest hits you with a +0 whip.
Joseph says, "I'm here to kill trespassers.
I like my job."
You claw the orc priest!
You kill the orc priest!
Joseph shoots a sling bullet.
The sling bullet hits you!
There is a stone staircase leading up, spattered with blood here.
The bullfrog hits you.
You claw the bullfrog!
The bullfrog is almost dead.
The bullfrog hits you.
You closely miss the bullfrog.
The bullfrog is almost dead.
The bullfrog hits you.
You claw the bullfrog!
You kill the bullfrog!
Joseph shoots a sling bullet.
The sling bullet hits you!
Joseph unwields a +0 sling.
Joseph wields a +0 quarterstaff.
Joseph hits you with a +0 quarterstaff!
Things that are here:
a +0 whip; a bullfrog corpse You are too injured to fight recklessly!
You mangle Joseph!!
Joseph is moderately wounded.
You closely miss Joseph.
Joseph is moderately wounded.
Joseph barely misses you.
You scratch Joseph. You claw Joseph!
Joseph is heavily wounded.
Joseph hits you but does no damage.
You closely miss Joseph.
Joseph is heavily wounded.
Joseph hits you with a +0 quarterstaff!
* * * LOW HITPOINT WARNING * * *
You closely miss Joseph. You claw Joseph, but do no damage.
Joseph is heavily wounded.
Joseph hits you with a +0 quarterstaff!
* * * LOW HITPOINT WARNING * * *
Joseph unwields a +0 quarterstaff.
Joseph wields a +0 sling.
Joseph shoots a sling bullet.
The sling bullet hits you!
You die...

. .## ..
#.####
..#.#
#.#.#
######.#@#
#.....@).#
.......###
.......
.......
.......
.......
.......
.......


You could see Joseph.

Vanquished Creatures
  A shadow (D:5)
  4 yaks (D:6)
  Menkaure (D:4)
  A water moccasin (D:6)
  5 black bears
  An ogre (D:3)
  Blork the orc (D:4)
  2 bullfrogs
  2 necrophages (D:4)
  A scorpion (D:4)
  3 hounds
  Crazy Yiuf (D:4)
  3 orc priests
  8 iguanas
  Terence (D:3)
  6 orc wizards
  Robin (D:2)
  5 adders
  An ufetubus (D:4)
  6 dart slugs
  13 orcs
  2 bats (D:3)
  10 endoplasms
  3 giant cockroaches
  15 goblins
  10 hobgoblins
  5 quokkas
  10 ball pythons
  2 frilled lizards
  7 kobolds
  7 rats
138 creatures vanquished.

Notes
Turn   | Place    | Note
-------+----------+-------------------------------------------
     0 | D:1      | capka3m the Troll Monk began the quest for the Orb.
     0 | D:1      | Reached XP level 1. HP: 22/22 MP: 0/0
   121 | D:1      | Reached XP level 2. HP: 29/29 MP: 1/1
   410 | D:1      | Reached skill level 4 in Unarmed Combat
   755 | D:2      | Reached XP level 3. HP: 36/36 MP: 2/2
   780 | D:2      | Found a faded altar of an unknown god.
   792 | D:2      | Noticed Robin
   805 | D:2      | Killed Robin
   888 | D:2      | Reached XP level 4. HP: 44/44 MP: 3/3
   907 | D:2      | Reached skill level 5 in Unarmed Combat
  1218 | D:3      | Found a burning altar of Makhleb.
  1313 | D:3      | Noticed Terence
  1321 | D:3      | Killed Terence
  1475 | D:3      | Reached XP level 5. HP: 44/50 MP: 4/4
  1481 | D:3      | Reached skill level 6 in Unarmed Combat
  1664 | D:3      | Noticed an ogre
  1671 | D:3      | Killed an ogre
  1672 | D:3      | Reached XP level 6. HP: 59/59 MP: 5/5
  1686 | D:3      | Found an opulent altar of Gozag.
  1807 | D:3      | Found a shimmering blue altar of Sif Muna.
  1811 | D:3      | Found a broken altar of Ashenzari.
  1816 | D:3      | Found a blossoming altar of Fedhas.
  2028 | D:4      | Reached skill level 7 in Unarmed Combat
  2056 | D:4      | Noticed Blork the orc
  2061 | D:4      | Killed Blork the orc
  2148 | D:4      | Found a runed translucent door.
  2149 | D:4      | Noticed Crazy Yiuf
  2159 | D:4      | Killed Crazy Yiuf
  2299 | D:4      | Noticed Menkaure
  2306 | D:4      | Killed Menkaure
  2307 | D:4      | Reached skill level 8 in Unarmed Combat
  2307 | D:4      | Reached XP level 7. HP: 27/66 MP: 6/6
  2378 | D:4      | Found a radiant altar of Vehumet.
  2517 | D:4      | Found Zin's Purification Station.
  2518 | D:4      | Found a glowing silver altar of Zin.
  2527 | D:4      | Reached skill level 9 in Unarmed Combat
  2539 | D:4      | Identified the +6 dagger "Zalaykh" {protect, Fragile rC+
                  | Str+4}
  2788 | D:5      | Entered Level 5 of the Dungeon
  2835 | D:5      | Reached XP level 8. HP: 73/74 MP: 7/7
  2857 | D:5      | Reached skill level 10 in Unarmed Combat
  2924 | D:5      | Found Asheh's Weapon Shoppe.
  3560 | D:6      | Reached skill level 11 in Unarmed Combat
  3589 | D:6      | Reached skill level 1 in Throwing
  3623 | D:6      | Reached XP level 9. HP: 47/80 MP: 8/8
  3673 | D:6      | Found a stormy altar of Qazlal.
  3963 | D:6      | Reached skill level 12 in Unarmed Combat
  3988 | D:6      | Found a sacrificial altar of Ru.
  4087 | D:6      | Found a staircase to the Ecumenical Temple.
  4095 | Temple   | Entered the Ecumenical Temple
  4296 | D:7      | Noticed Joseph
  4424 | D:7      | Shot with a sling bullet by Joseph

Illustrated notes

Levels and vault maps discovered:
D:1:      zelgadis_glass_arrival_small, layout_basic, serial_park_tiny_pond,
          minmay_misc_feat_chi
D:2:      layout_basic, basic_ecumenical_altar, kennysheep_small_spiral,
          uniq_robin
D:3:      layout_loops_cross, bloody_makhleb,
          mainiacjoe_overflow_small_starburst, minmay_overflow_temple_star_quad,
          minmay_strange_pillars, uniq_terence
D:4:      layout_gridville, zin_purify, nicolae_vehumet_altar_sigil,
          kennysheep_small_circle, uniq_menkaure, uniq_blork_the_orc,
          uniq_crazy_yiuf_cottage
D:5:      layout_loops_cross, serial_shops, shop
D:6:      layout_basic, kennysheep_mini_moat, nicolae_ru_awakened_eye,
          minmay_temple_entry_statues_pillars
D:7:      layout_rooms, mainiacjoe_overflow_alcove_2, grunt_ministairs_13,
          uniq_joseph, uniq_pikel
Temple:   hellmonk_temple_beads

Skill      XL: |  1  2  3  4  5  6  7  8  9 |
---------------+----------------------------+-----
Unarmed Combat | 4 5 6 8 9 11 12 | 12.4
Throwing       | 2 3 |  3.5
Fighting       | |  2.4
Dodging        | |  2.4
Stealth        | |  1.0

Action                   |  1- 3 |  4- 6 |  7- 9 || total
-------------------------+-------+-------+-------++-------
Melee: Unarmed           |    80 |    99 |   156 ||   335
       Punch             |       |     5 |     9 ||    14
 Stab: Sleeping          |     4 |     6 |     1 ||    11
       Distracted        |     1 |       |     1 ||     2
Armor: Robe              |    14 |    19 |    34 ||    67
Dodge: Dodged            |    22 |    35 |    49 ||   106
